[Event "Titled Tuesday Blitz January 25 2022"]
[White "Gaehwiler, Gabriel"]
[Black "Morris-Suzuki, Sophie"]
[WhiteFideId "1314530"]
[BlackFideId "30922615"]
[WhiteElo "2383"]
[BlackElo "2521"]
[Result "0-1"]
[Round "04"]
[TimeControl "180+1"]
[Date "2022.01.26"]
[WhiteClock "0:00:01"]
[BlackClock "0:00:03"]

1. Nf3 d5 2. c4 d4 3. e3 c5 4. b4 Nc6 5. b5 Na5 6. exd4 cxd4 7. Bb2 e5 8. Nxe5 Be6 9. Qa4 b6 10. Bd3 Nf6 11. Nc6 Nxc6 12. bxc6 Bd6 13. Bxd4 Bc7 14. Bxf6 Qxd3 15. Bc3 Bxc4 16. Kd1 O-O 17. Na3 b5 18. Qc2 Qe2+ 19. Kc1 Bd3 20. Qd1 Qe7 21. Nc2 Bd6 22. Re1 Ba3+ 23. Kb1 Qc5 24. Qg4 f6 25. Qd4 Qf5 26. Rc1 Bxc1 27. Kxc1 Bxc2 28. g4 Qe4 29. Kb2 Qxd4 30. Bxd4 Bd3 31. Rc1 Bc4 32. a4 Rac8 33. axb5 Bxb5 34. c7 Rf7 35. Re1 Rfxc7 36. Bc3 Kf7 37. Re4 Bd3 38. Rd4 Bg6 39. Rb4 Rd7 40. h4 Rcc7 41. Ka3 Rb7 42. Ra4 Bc2 43. Ra5 g6 44. Ra6 Rb6 45. Ra5 Rdb7 46. h5 gxh5 0-1


[Site "https://www.chess.com"]

[Event "Titled Tuesday Blitz January 25 2022"]
[White "Gajwa Ankit"]
[Black "Seo, Jung Min"]
[WhiteFideId "5077834"]
[BlackFideId "1734687"]
[WhiteElo "2098"]
[BlackElo "2401"]
[Result "0-1"]
[Round "04"]
[TimeControl "180+1"]
[Date "2022.01.26"]
[WhiteClock "0:00:01"]
[BlackClock "0:00:09"]

1. e4 c6 2. d4 d5 3. Nd2 dxe4 4. Nxe4 Nd7 5. Ng5 Ngf6 6. Bd3 e6 7. N1f3 Bd6 8. Qe2 h6 9. Ne4 Nxe4 10. Qxe4 Nf6 11. Qe2 Qc7 12. b3 b6 13. Bb2 Bb7 14. Ne5 O-O-O 15. O-O-O Rhf8 16. Kb1 Kb8 17. Rhf1 c5 18. dxc5 Bxc5 19. f4 Bd4 20. g4 Bxb2 21. Kxb2 Nd5 22. c4 Nb4 23. Be4 Rfe8 24. Bxb7 Kxb7 25. a3 Nc6 26. Qe4 f6 27. Rxd8 Rxd8 28. Nxc6 Qxc6 29. Qxc6+ Kxc6 30. Kc3 a5 31. b4 axb4+ 32. axb4 Ra8 33. Re1 Kd6 34. Rd1+ Kc6 35. Kb3 Re8 36. b5+ Kc7 37. Kb4 e5 38. fxe5 Rxe5 39. Ra1 Rg5 40. h3 h5 41. gxh5 Rxh5 42. Ra7+ Kb8 43. Rxg7 Rxh3 44. Rf7 Rf3 45. Rf8+ Kc7 46. Rf7+ Kc8 47. Rg7 f5 48. Rf7 Kb8 49. Rg7 Rf1 50. Kc3 f4 51. Kd4 f3 52. Kd5 f2 53. Rg8+ Kc7 54. Rg7+ Kd8 55. Kc6 Rg1 56. Rf7 f1=Q 0-1


[Site "https://www.chess.com"]

[Event "Titled Tuesday Blitz January 25 2022"]
[White "Garriga Cazorla, Pere"]
[Black "Dmitrenko, Viktor"]
[WhiteFideId "32011601"]
[BlackFideId "14110270"]
[WhiteElo "2458"]
[BlackElo "2262"]
[Result "1-0"]
[Round "04"]
[TimeControl "180+1"]
[Date "2022.01.26"]
[WhiteClock "0:01:47"]
[BlackClock "0:01:21"]

1. d4 e6 2. c4 d5 3. Nc3 Be7 4. Nf3 a6 5. e4 dxc4 6. a4 c5 7. d5 exd5 8. Nxd5 Nf6 9. Bxc4 O-O 10. O-O Nc6 11. Be3 Nxe4 12. Re1 Nf6 13. Nxf6+ Bxf6 14. Bxc5 Re8 15. Qb3 Be6 16. Bxe6 Rxe6 17. Rxe6 fxe6 18. Qxe6+ Kh8 19. Re1 Bxb2 20. Ng5 1-0


[Site "https://www.chess.com"]

[Event "Titled Tuesday Blitz January 25 2022"]
[White "Gunina, Valentina"]
[Black "Osmak, Yuliia"]
[WhiteFideId "4167570"]
[BlackFideId "14101602"]
[WhiteElo "2465"]
[BlackElo "2302"]
[Result "1-0"]
[Round "04"]
[TimeControl "180+1"]
[Date "2022.01.26"]
[WhiteClock "0:00:17"]
[BlackClock "0:00:01"]

1. d4 Nf6 2. c4 e6 3. Nf3 b6 4. g3 Bb7 5. Bg2 Be7 6. O-O O-O 7. Nc3 Ne4 8. Bd2 Bf6 9. Re1 Nxd2 10. Qxd2 d6 11. e4 Nd7 12. Rad1 g6 13. e5 Bg7 14. Qf4 Qe7 15. Nb5 dxe5 16. dxe5 Nc5 17. b4 Na4 18. a3 a6 19. Nbd4 c5 20. Nc2 Rac8 21. Ne3 cxb4 22. axb4 Qxb4 23. Ng4 Rxc4 24. Nd4 Bxg2 25. Kxg2 Nc3 26. Nf6+ Kh8 27. Qh4 h6 28. Rd3 Nb5 29. Red1 Nxd4 30. Rxd4 b5 31. Qf4 Qc5 32. Nd7 Qc6+ 33. Kh3 Rxd4 34. Rxd4 g5 35. Qd2 Rd8 36. Qd3 Qc7 37. Rd6 Qc8 38. f4 Rg8 39. fxg5 hxg5 40. Qf3 Qe8 41. Qh5+ Bh6 42. Qxh6# 1-0


[Site "https://www.chess.com"]

[Event "Titled Tuesday Blitz January 25 2022"]
[White "Guseva, Marina"]
[Black "Srihari L R"]
[WhiteFideId "4149351"]
[BlackFideId "46617116"]
[WhiteElo "2232"]
[BlackElo "2121"]
[Result "0-1"]
[Round "04"]
[TimeControl "180+1"]
[Date "2022.01.26"]
[WhiteClock "0:00:30"]
[BlackClock "0:01:07"]

1. d4 f5 2. c4 Nf6 3. g3 e6 4. Bg2 d5 5. Nh3 c6 6. Qc2 Bd6 7. O-O O-O 8. Bg5 Nbd7 9. e3 Qe8 10. Bxf6 Nxf6 11. cxd5 exd5 12. Nf4 Ne4 13. Nd2 Bd7 14. Nd3 Qe7 15. a3 Rf6 16. Rae1 h5 17. f4 h4 18. Nxe4 fxe4 19. Ne5 Bxe5 20. fxe5 Rg6 21. gxh4 Qxh4 22. Qf2 Qg5 23. Kh1 Be6 24. Re2 Kh7 25. Qf4 Qh5 26. Ref2 Rg4 27. Bf3 exf3 28. Qxf3 Rh4 29. Qg3 Rh3 30. Qg2 Qg6 31. Rf3 Qxg2+ 32. Kxg2 Rxf3 33. Rxf3 Kg8 34. b4 a5 0-1


[Site "https://www.chess.com"]

[Event "Titled Tuesday Blitz January 25 2022"]
[White "Hakemi, Arman"]
[Black "Mikhalsky, Vladimir"]
[WhiteFideId "22520805"]
[BlackFideId "14144352"]
[WhiteElo "2208"]
[BlackElo "2248"]
[Result "1-0"]
[Round "04"]
[TimeControl "180+1"]
[Date "2022.01.26"]
[WhiteClock "0:00:14"]
[BlackClock "0:00:02"]

1. e4 g6 2. d4 Bg7 3. Nc3 d6 4. f4 a6 5. Nf3 b5 6. Bd3 Bb7 7. e5 Nh6 8. Be4 Bxe4 9. Nxe4 Nd7 10. O-O O-O 11. c3 Nb6 12. h3 Rc8 13. Qe2 f6 14. Bd2 Nc4 15. b3 Nxd2 16. Nexd2 Nf5 17. Ne4 d5 18. Nc5 Ng3 19. Qf2 Ne4 20. Qe3 Nxc5 21. dxc5 fxe5 22. fxe5 Rf5 23. g4 Rf8 24. Nd4 Qd7 25. c6 Qe8 26. Rxf8+ Bxf8 27. e6 Bg7 28. Rf1 Bxd4 29. Qxd4 Qxc6 30. Rf7 Qb6 31. Rxe7 Qxd4+ 32. cxd4 c5 33. Rd7 cxd4 34. Rxd5 Re8 35. Rd6 Kg7 36. g5 d3 37. Kf2 Kf8 38. Ke3 Ke7 39. Rxa6 Rd8 40. Kd2 Rd4 41. Rb6 b4 42. Rc6 Ke8 43. Rc4 Rd6 44. Rxb4 Rxe6 45. Kxd3 Re5 46. h4 Rf5 47. a4 Kd7 48. Kc3 Kc6 49. Kb2 Kc5 50. Ka3 Rf1 51. Rb7 Ra1+ 52. Kb2 Rh1 53. Rxh7 Rh2+ 54. Ka3 Rh3 55. Rg7 Rxh4 56. Rxg6 1-0


[Site "https://www.chess.com"]

[Event "Titled Tuesday Blitz January 25 2022"]
[White "Hakobyan, Aram"]
[Black "Mustafayev, Farid"]
[WhiteFideId "13306677"]
[BlackFideId "13408771"]
[WhiteElo "2557"]
[BlackElo "2129"]
[Result "1-0"]
[Round "04"]
[TimeControl "180+1"]
[Date "2022.01.26"]
[WhiteClock "0:01:31"]
[BlackClock "0:00:29"]

1. b3 d5 2. Bb2 c5 3. e3 Nc6 4. Bb5 Bd7 5. Nf3 f6 6. d4 e6 7. O-O cxd4 8. exd4 Bd6 9. c4 Nge7 10. Nc3 a6 11. Bxc6 bxc6 12. Qc1 O-O 13. Ba3 Nf5 14. Bxd6 Nxd6 15. Qa3 Be8 16. Rfe1 Bf7 17. Qc5 Rc8 18. h3 Re8 19. Re2 Bh5 20. g4 Bg6 21. Rae1 Qd7 22. Nd2 h5 23. f3 Nf7 24. Kg2 e5 25. Na4 Qd6 26. Qxd6 Nxd6 27. dxe5 fxe5 28. Rxe5 dxc4 29. Nxc4 Nxc4 30. bxc4 Red8 31. gxh5 Rd2+ 32. Kg3 Bf7 33. Nb6 Rb8 34. c5 Rxa2 35. Rd1 Ra5 36. Rd7 Re8 37. Rg5 Ra3 38. h6 g6 39. h7+ Kg7 40. Nc4 Rc3 41. Nd6 1-0


[Site "https://www.chess.com"]

[Event "Titled Tuesday Blitz January 25 2022"]
[White "Hamitevici, Vladimir"]
[Black "Przybylski, Wojciech"]
[WhiteFideId "13902393"]
[BlackFideId "1117599"]
[WhiteElo "2359"]
[BlackElo "2133"]
[Result "1-0"]
[Round "04"]
[TimeControl "180+1"]
[Date "2022.01.26"]
[WhiteClock "0:00:23"]
[BlackClock "0:00:20"]

1. d4 Nf6 2. Nf3 d5 3. Bf4 c6 4. e3 Nbd7 5. c4 e6 6. Nc3 Be7 7. Qc2 O-O 8. cxd5 exd5 9. Bd3 Re8 10. h3 Nf8 11. g4 Ne6 12. Be5 h6 13. O-O-O c5 14. Rdg1 cxd4 15. exd4 Nd7 16. Bg3 Ndf8 17. h4 Bf6 18. g5 hxg5 19. hxg5 Bxg5+ 20. Kb1 g6 21. Nxg5 Nxg5 22. Be5 f6 23. Rxg5 fxg5 24. Rh8+ Kf7 25. Bxg6+ Ke7 26. Bxe8 Qxe8 27. Nxd5+ Ke6 28. Nc7+ 1-0


[Site "https://www.chess.com"]

[Event "Titled Tuesday Blitz January 25 2022"]
[White "Dronavalli, Harika"]
[Black "Maghsoodloo, Parham"]
[WhiteFideId "5015197"]
[BlackFideId "12539929"]
[WhiteElo "2382"]
[BlackElo "2630"]
[Result "1/2-1/2"]
[Round "04"]
[TimeControl "180+1"]
[Date "2022.01.26"]
[WhiteClock "0:00:39"]
[BlackClock "0:00:22"]

1. d4 Nf6 2. c4 g6 3. g3 Bg7 4. Bg2 O-O 5. Nc3 c5 6. Nf3 Nc6 7. O-O d5 8. cxd5 Nxd5 9. Nxd5 Qxd5 10. Ne5 Qxd4 11. Nxc6 bxc6 12. Be3 Qxd1 13. Rfxd1 Bxb2 14. Rab1 Bd4 15. Bxd4 cxd4 16. Bxc6 Bf5 17. Bxa8 Bxb1 18. Bd5 Rb8 19. Bb3 Be4 20. Rxd4 Bc6 21. f3 Kf8 22. Kf2 a5 23. h4 h6 24. Rc4 Be8 25. e4 f6 26. Rd4 e5 27. Rd6 a4 28. Bd5 Kg7 29. Ra6 Rb2+ 30. Ke3 g5 31. Ra7+ Kf8 32. hxg5 hxg5 33. Ra6 Kg7 34. Ra7+ Kg6 35. Be6 Kh6 36. Bf5 Bg6 37. Bxg6 Kxg6 38. Rxa4 g4 39. fxg4 Kg5 40. Ra6 Rb1 41. a4 Rb3+ 42. Kf2 Rb4 43. Kf3 Rb3+ 44. Kf2 Rb4 45. Kf3 Rb3+ 46. Kf2 1/2-1/2


[Site "https://www.chess.com"]

[Event "Titled Tuesday Blitz January 25 2022"]
[White "Hasangatin, Ramil"]
[Black "Shtyka, Sergey"]
[WhiteFideId "4122160"]
[BlackFideId "4138465"]
[WhiteElo "2375"]
[BlackElo "2014"]
[Result "1-0"]
[Round "04"]
[TimeControl "180+1"]
[Date "2022.01.26"]
[WhiteClock "0:02:13"]
[BlackClock "0:00:01"]

1. e4 c5 2. Nf3 Nc6 3. Bb5 d6 4. d4 cxd4 5. Qxd4 Bd7 6. Bxc6 Bxc6 7. Nc3 Nf6 8. Bg5 e6 9. O-O-O Be7 10. Rhe1 O-O 11. Qd2 Rc8 12. Nd4 Qa5 13. Kb1 Rfd8 14. f3 Be8 15. h4 a6 16. g4 Qc5 17. Nce2 b5 18. Ng3 b4 19. Rg1 a5 20. Nh5 a4 21. Bxf6 Bxf6 22. Nxf6+ gxf6 23. Qh6 b3 24. cxb3 axb3 25. a3 Qb6 26. Nf5 exf5 27. gxf5+ 1-0


[Site "https://www.chess.com"]

[Event "Titled Tuesday Blitz January 25 2022"]
[White "Havanecz, Bianka"]
[Black "Kislinsky, Alexey"]
[WhiteFideId "704814"]
[BlackFideId "14108801"]
[WhiteElo "2361"]
[BlackElo "2335"]
[Result "1/2-1/2"]
[Round "04"]
[TimeControl "180+1"]
[Date "2022.01.26"]
[WhiteClock "0:02:51"]
[BlackClock "0:00:55"]

1. d4 Nf6 2. c4 g6 3. Nc3 Bg7 4. e4 O-O 5. Bd3 c5 6. d5 d6 7. Nge2 e6 8. O-O a6 9. a4 exd5 10. cxd5 Nbd7 1/2-1/2


[Site "https://www.chess.com"]

[Event "Titled Tuesday Blitz January 25 2022"]
[White "Izoria, Zviad"]
[Black "Koelle, Tobias"]
[WhiteFideId "13601733"]
[BlackFideId "16207378"]
[WhiteElo "2626"]
[BlackElo "2541"]
[Result "1/2-1/2"]
[Round "04"]
[TimeControl "180+1"]
[Date "2022.01.26"]
[WhiteClock "0:00:23"]
[BlackClock "0:02:00"]

1. e4 e5 2. f4 c6 3. Nf3 d5 4. Nc3 Nf6 5. fxe5 Nxe4 6. d3 Nxc3 7. bxc3 Be7 8. d4 O-O 9. Bd3 f6 10. O-O fxe5 11. Nxe5 Nd7 12. Bxh7+ Kxh7 13. Qh5+ Kg8 14. Nf7 Rxf7 15. Qxf7+ Kh8 16. Qh5+ Kg8 17. Qf7+ Kh8 18. Qh5+ Kg8 19. Qf7+ 1/2-1/2


[Site "https://www.chess.com"]

[Event "Titled Tuesday Blitz January 25 2022"]
[White "Jacobson, Aaron"]
[Black "Svane, Frederik"]
[WhiteFideId "2089912"]
[BlackFideId "12923044"]
[WhiteElo "2265"]
[BlackElo "2459"]
[Result "1-0"]
[Round "04"]
[TimeControl "180+1"]
[Date "2022.01.26"]
[WhiteClock "0:00:09"]
[BlackClock "0:00:08"]

1. e4 c5 2. Nf3 g6 3. d4 cxd4 4. Nxd4 Nc6 5. c4 Nf6 6. Nc3 d6 7. Be2 Nxd4 8. Qxd4 Bg7 9. Bg5 O-O 10. Qd2 a5 11. Rd1 Be6 12. b3 a4 13. e5 dxe5 14. Qxd8 Rfxd8 15. Rxd8+ Rxd8 16. Nxa4 Bd7 17. Nc3 h6 18. Be3 Bc6 19. O-O Ne8 20. Rd1 Ra8 21. a4 Nd6 22. Nd5 Nf5 23. Bc5 Bf8 24. g4 Nd4 25. Bxd4 exd4 26. Rxd4 e6 27. Nc3 Bc5 28. Rd1 f5 29. Nb5 Kf7 30. h4 Kf6 31. Nd4 Be4 32. Rd2 Rd8 33. Nf3 Bxf3 34. Rxd8 Bxe2 35. gxf5 gxf5 36. Rd7 Bf3 37. Rc7 Bc6 38. a5 Bd6 39. Rh7 Kg6 40. Rh8 Bb4 41. Ra8 Kf6 42. Ra7 Bc5 43. Ra8 Ke5 44. Rc8 Be4 45. a6 bxa6 46. Rxc5+ Kd4 47. Ra5 Kc3 48. Rxa6 Kxb3 49. Rxe6 Kxc4 50. Rxh6 Kd5 51. Rh8 Ke5 52. Rg8 Kf6 53. Kh2 Bd5 54. Rg1 Bf7 55. Kg3 Ke5 56. Kf3 Bd5+ 57. Ke3 f4+ 58. Ke2 Bc4+ 59. Kd2 Ke4 60. h5 Kf5 61. h6 Bg8 62. Rxg8 Ke4 63. h7 Kf3 64. h8=Q Ke4 65. Re8+ Kf3 66. Qh3+ Kxf2 67. Re2+ Kg1 68. Qg2# 1-0


[Site "https://www.chess.com"]

[Event "Titled Tuesday Blitz January 25 2022"]
[White "Jakubowski, Krzysztof"]
[Black "Steinberg, Nitzan"]
[WhiteFideId "1112848"]
[BlackFideId "2801795"]
[WhiteElo "2365"]
[BlackElo "2440"]
[Result "0-1"]
[Round "04"]
[TimeControl "180+1"]
[Date "2022.01.26"]
[WhiteClock "0:00:01"]
[BlackClock "0:00:02"]

1. e4 c5 2. Nf3 e6 3. d4 cxd4 4. Nxd4 Nc6 5. Nc3 Qc7 6. Be3 a6 7. g4 b5 8. Nxc6 Qxc6 9. Qd2 Bb7 10. f3 Rc8 11. O-O-O Ne7 12. Ne2 d5 13. e5 Qc7 14. Nd4 Nc6 15. f4 Be7 16. Kb1 O-O 17. f5 Nxe5 18. fxe6 Nc4 19. Qd3 Bf6 20. Bc1 Qc5 21. Nb3 Qf2 22. exf7+ Rxf7 23. g5 Be5 24. Bh3 Rf3 25. Bxc8 Rxd3 26. Be6+ Kh8 27. cxd3 Ne3 28. Bxe3 Qxe3 29. Rhf1 Bd6 30. Bf5 Qxg5 31. Rde1 g6 32. Be6 Kg7 33. Rf7+ Kh6 34. Rxb7 a5 35. Rxb5 a4 36. Nc1 a3 37. bxa3 Bxa3 38. Bxd5 Qf6 39. Bc4 Qc3 0-1


[Site "https://www.chess.com"]

[Event "Titled Tuesday Blitz January 25 2022"]
[White "Janaszak, Dawid"]
[Black "Manukian, Artak"]
[WhiteFideId "1119206"]
[BlackFideId "13301373"]
[WhiteElo "2199"]
[BlackElo "2414"]
[Result "1/2-1/2"]
[Round "04"]
[TimeControl "180+1"]
[Date "2022.01.26"]
[WhiteClock "0:01:12"]
[BlackClock "0:01:06"]

1. e4 c6 2. d4 d5 3. exd5 cxd5 4. Bd3 Nc6 5. c3 e5 6. dxe5 Nxe5 7. Qe2 Qe7 8. Bb5+ Nc6 9. Be3 Nf6 10. Nf3 Bg4 11. h3 Bh5 12. Nbd2 O-O-O 13. O-O h6 14. Bxc6 bxc6 15. Qa6+ Qb7 16. Qxa7 Qxa7 17. Bxa7 c5 18. b4 Ne4 19. Rfc1 Kb7 20. Bxc5 Nxc5 21. bxc5 Bxc5 22. c4 d4 23. g4 Bg6 24. Ne5 Rhe8 25. Nxg6 fxg6 26. Nb3 Kc6 27. Kf1 d3 28. Rd1 Re2 29. Nxc5 Kxc5 30. Rxd3 Rxf2+ 31. Kxf2 Rxd3 32. Kg2 Kxc4 33. Rc1+ Kd5 34. Rc7 Rd2+ 35. Kg3 Rxa2 36. Rxg7 Ra6 37. Rh7 g5 38. Rf7 Ke4 39. Re7+ Kd5 40. Rd7+ Ke5 41. Re7+ Kd5 42. Rd7+ Ke4 43. Re7+ Kd5 1/2-1/2


[Site "https://www.chess.com"]

[Event "Titled Tuesday Blitz January 25 2022"]
[White "Jones, Gawain C B"]
[Black "Klimkowski, Jan"]
[WhiteFideId "409561"]
[BlackFideId "21856222"]
[WhiteElo "2657"]
[BlackElo "2172"]
[Result "1-0"]
[Round "04"]
[TimeControl "180+1"]
[Date "2022.01.26"]
[WhiteClock "0:01:00"]
[BlackClock "0:00:35"]

1. Nf3 Nf6 2. c4 e6 3. g3 d5 4. Bg2 d4 5. O-O c5 6. b4 Nc6 7. b5 Ne7 8. e3 Ng6 9. exd4 cxd4 10. d3 Bc5 11. Ba3 Qc7 12. Bxc5 Qxc5 13. Nbd2 e5 14. Nb3 Qc7 15. c5 O-O 16. Rc1 Bg4 17. h3 Be6 18. Re1 Rfe8 19. Ng5 Bd5 20. Bxd5 Nxd5 21. Ne4 Qd7 22. Qf3 Re6 23. c6 Qd8 24. Nbc5 bxc6 25. Nxe6 fxe6 26. Rxc6 Qe7 27. Rec1 Rf8 28. Rc8 Qb4 29. Ng5 Qe7 30. Rxf8+ Nxf8 31. Rc8 Nf6 32. Qa8 h6 33. Nxe6 Qxe6 34. Rxf8+ Kh7 35. Qxa7 Qxh3 36. Rxf6 Qg4 37. Rf7 e4 38. Rxg7+ 1-0


[Site "https://www.chess.com"]

[Event "Titled Tuesday Blitz January 25 2022"]
[White "Kadam, Om Manish"]
[Black "Sarana, Alexey"]
[WhiteFideId "45076294"]
[BlackFideId "24133795"]
[WhiteElo "1729"]
[BlackElo "2665"]
[Result "0-1"]
[Round "04"]
[TimeControl "180+1"]
[Date "2022.01.26"]
[WhiteClock "0:00:12"]
[BlackClock "0:01:58"]

1. e4 c5 2. Nf3 d6 3. d4 cxd4 4. Nxd4 Nf6 5. Nc3 a6 6. g3 e5 7. Nde2 Nbd7 8. Bg2 b5 9. a4 b4 10. Nd5 Nxd5 11. Qxd5 Rb8 12. O-O Qc7 13. Qd1 Be7 14. Be3 O-O 15. Qd2 Nf6 16. Rac1 Be6 17. c4 bxc3 18. Nxc3 Qb7 19. Rfd1 Bb3 20. Re1 Rfc8 21. h3 Rc4 22. g4 h6 23. Bf3 Rb4 24. Kg2 Be6 25. Rc2 Bb3 26. Rcc1 Bxa4 27. Nxa4 Rxa4 28. Rc2 Rb4 29. Rec1 Rxb2 30. Rxb2 Qxb2 31. Rc8+ Bf8 32. Rxb8 Qxb8 33. Qa2 Qb7 34. Be2 Qxe4+ 35. Kf1 Qh1# 0-1


[Site "https://www.chess.com"]

[Event "Titled Tuesday Blitz January 25 2022"]
[White "Kalashian, David"]
[Black "Michelakos, Panagiotis"]
[WhiteFideId "13302418"]
[BlackFideId "4216067"]
[WhiteElo "2490"]
[BlackElo "2140"]
[Result "1-0"]
[Round "04"]
[TimeControl "180+1"]
[Date "2022.01.26"]
[WhiteClock "0:00:51"]
[BlackClock "0:00:02"]

1. e4 c5 2. Nc3 e6 3. Nf3 Nc6 4. Bb5 Nge7 5. O-O a6 6. Bxc6 Nxc6 7. d4 cxd4 8. Nxd4 Qc7 9. Re1 Be7 10. Nxc6 bxc6 11. e5 O-O 12. Bf4 Rb8 13. b3 a5 14. Ne4 Rb5 15. Qg4 Rxe5 16. Qg3 f6 17. Bxe5 fxe5 18. c4 d5 19. Ng5 Bf6 20. Nf3 Qb6 21. Nxe5 a4 22. Rac1 axb3 23. axb3 Qd4 24. Nxc6 Qb2 25. cxd5 exd5 26. h3 Bf5 27. Rcd1 Be4 28. f3 Qxb3 29. Nd4 Qb6 30. Qf2 Be5 31. Ne2 Qg6 32. Kh1 Qh5 33. Nd4 1-0


[Site "https://www.chess.com"]

[Event "Titled Tuesday Blitz January 25 2022"]
[White "Karabalis, Harilos"]
[Black "Mitusov, Semen"]
[WhiteFideId "4621808"]
[BlackFideId "14151049"]
[WhiteElo "2168"]
[BlackElo "2246"]
[Result "1-0"]
[Round "04"]
[TimeControl "180+1"]
[Date "2022.01.26"]
[WhiteClock "0:01:01"]
[BlackClock "0:00:05"]

1. e4 e5 2. Nf3 Nc6 3. Bb5 a6 4. Ba4 Nf6 5. O-O Be7 6. d3 b5 7. Bb3 O-O 8. h3 d6 9. c3 Re8 10. Re1 Bf8 11. Nbd2 Na5 12. Bc2 c5 13. Nf1 Nc6 14. Ng3 h6 15. a4 b4 16. Be3 Rb8 17. d4 cxd4 18. cxd4 exd4 19. Nxd4 Nxd4 20. Bxd4 Be6 21. Bb3 Qa5 22. Bxf6 gxf6 23. Bxe6 fxe6 24. b3 Rb7 25. Rc1 Rg7 26. Qf3 Rg6 27. Rc6 Kh7 28. Rec1 Bg7 29. Rc7 Rf8 30. Re7 f5 31. Rcc7 Qe5 32. exf5 Qa1+ 33. Kh2 exf5 34. Nh5 Rg8 35. Qxf5 Kh8 36. Qxg6 Be5+ 37. f4 Rxg6 38. fxe5 dxe5 39. Nf6 Rxg2+ 40. Kxg2 Qb2+ 41. Kg3 Qxb3+ 42. Kh4 Qc4+ 43. Rxc4 1-0


[Site "https://www.chess.com"]

[Event "Titled Tuesday Blitz January 25 2022"]
[White "Kashefi, Amir Hosein"]
[Black "Panesar Vedant"]
[WhiteFideId "12557935"]
[BlackFideId "35033018"]
[WhiteElo "2098"]
[BlackElo "1971"]
[Result "0-1"]
[Round "04"]
[TimeControl "180+1"]
[Date "2022.01.26"]
[WhiteClock "0:00:02"]
[BlackClock "0:00:16"]

1. d4 Nf6 2. c4 g6 3. Nf3 Bg7 4. g3 O-O 5. Bg2 c6 6. O-O d5 7. cxd5 cxd5 8. Nc3 Ne4 9. Ne5 Nxc3 10. bxc3 e6 11. f4 Nd7 12. e4 dxe4 13. Bxe4 Nf6 14. Bg2 Qc7 15. Bb2 Bd7 16. Rc1 Rac8 17. Qb3 b6 18. c4 Rfd8 19. Rfd1 Be8 20. d5 Nd7 21. Nc6 Nc5 22. Qc2 Bxc6 23. dxc6 Bxb2 24. Qxb2 Rd6 25. Rxd6 Qxd6 26. Qe2 Rd8 27. Bf3 h5 28. Qe3 Kf8 29. Rd1 Qc7 30. Rxd8+ Qxd8 31. Qe5 Kg8 32. a4 Na6 33. Be4 Nc7 34. Kg2 Qd2+ 35. Kh3 Qd8 36. g4 hxg4+ 37. Kxg4 f5+ 38. Kg3 fxe4 39. Qxe4 Kf7 40. Kg4 Qf6 41. Kg3 Qf5 42. Qe3 Qc5 43. Qc3 e5 44. fxe5 Qxc6 45. Qe3 Ne6 46. Qh6 Qxc4 47. Qh7+ Ng7 48. Qh8 Nf5+ 0-1


[Site "https://www.chess.com"]

[Event "Titled Tuesday Blitz January 25 2022"]
[White "Khripachenko, Alexander"]
[Black "Hjartarson, Johann"]
[WhiteFideId "54184975"]
[BlackFideId "2300044"]
[WhiteElo "2177"]
[BlackElo "2484"]
[Result "1-0"]
[Round "04"]
[TimeControl "180+1"]
[Date "2022.01.26"]
[WhiteClock "0:00:13"]
[BlackClock "0:00:01"]

1. e4 e6 2. d4 d5 3. Nd2 Nf6 4. e5 Nfd7 5. f4 c5 6. c3 Nc6 7. Ndf3 Qb6 8. a3 a5 9. b3 f5 10. Rb1 cxd4 11. cxd4 Be7 12. Bb2 O-O 13. Bd3 Ndb8 14. Ne2 Bd7 15. O-O Be8 16. Kh1 Na6 17. Qd2 Nc7 18. h3 Nb5 19. Ra1 Bg6 20. Rfc1 Rfc8 21. Kh2 Bh5 22. Qe3 Rc7 23. a4 Nba7 24. g4 fxg4 25. Ng3 gxf3 26. Nxh5 g6 27. Rg1 Qxb3 28. Bc1 Kh8 29. f5 exf5 30. Nf4 Bf8 31. Rb1 Qxa4 32. Ne6 Re7 33. Nxf8 Rxf8 34. Qh6 Rg8 35. Bg5 1-0


[Site "https://www.chess.com"]

[Event "Titled Tuesday Blitz January 25 2022"]
[White "Kirillov-Dmitry"]
[Black "Golubka, Petro"]
[BlackFideId "14114224"]
[WhiteElo "2500"]
[BlackElo "2392"]
[Result "1/2-1/2"]
[Round "04"]
[TimeControl "180+1"]
[Date "2022.01.26"]
[WhiteClock "0:00:08"]
[BlackClock "0:00:08"]

1. d4 Nf6 2. c4 e6 3. Nf3 d5 4. e3 Be7 5. b3 O-O 6. Bd3 a5 7. O-O Na6 8. a3 c5 9. Nc3 b6 10. Bb2 Bb7 11. Qe2 Re8 12. Rfd1 Qb8 13. Rac1 h6 14. Nb5 Nc7 15. Nc3 a4 16. cxd5 exd5 17. dxc5 bxc5 18. Nxa4 c4 19. Bc2 Bc6 20. Ne5 Bxa4 21. bxa4 Qb6 22. Bd4 Bc5 23. Rb1 Qd6 24. Nf3 Bxd4 25. Nxd4 Qxa3 26. Qd2 Ne6 27. Nb5 Qc5 28. Qb4 Qxb4 29. Rxb4 Ra5 30. Nc3 Nc7 31. Rb7 Rc8 32. Bf5 Ne6 33. Rb5 Rxb5 34. axb5 Rb8 35. Nxd5 Rxb5 36. Nxf6+ gxf6 37. Bxe6 fxe6 38. Rc1 Rc5 39. Kf1 Kf7 40. Ke2 e5 41. e4 Ke6 42. Kd2 f5 43. exf5+ Kxf5 44. Kc3 h5 45. Rb1 Rc6 46. Rb4 Ra6 47. Rxc4 Ra2 48. f4 exf4 49. g3 fxg3 50. hxg3 Rg2 51. Kd3 Rxg3+ 52. Ke2 h4 53. Kf2 Rg4 54. Rxg4 Kxg4 55. Kg2 h3+ 56. Kh1 Kh4 57. Kg1 Kg3 58. Kh1 h2 1/2-1/2


[Site "https://www.chess.com"]

[Event "Titled Tuesday Blitz January 25 2022"]
[White "Kislov, Oleg"]
[Black "Zhigalko, Sergei"]
[WhiteFideId "13503774"]
[BlackFideId "13502956"]
[WhiteElo "2252"]
[BlackElo "2662"]
[Result "0-1"]
[Round "04"]
[TimeControl "180+1"]
[Date "2022.01.26"]
[WhiteClock "0:00:14"]
[BlackClock "0:00:04"]

1. e4 c5 2. Nf3 Nc6 3. c3 Nf6 4. e5 Nd5 5. d4 cxd4 6. cxd4 d6 7. Bc4 Nb6 8. Bb5 d5 9. h3 Bf5 10. Nc3 Rc8 11. O-O e6 12. Bg5 Be7 13. Bxe7 Qxe7 14. a3 O-O 15. Bd3 Bxd3 16. Qxd3 a6 17. Rfc1 Rc7 18. b3 Rfc8 19. Ne2 h6 20. Nf4 Nxe5 21. Rxc7 Nxf3+ 22. Qxf3 Rxc7 23. Nh5 Qg5 24. Re1 Rc1 25. Rxc1 Qxc1+ 26. Kh2 Qg5 27. g3 Nd7 28. h4 Qd2 29. Qe3 Qxe3 30. fxe3 Nf6 31. Nf4 Ng4+ 32. Kg2 Nxe3+ 33. Kf3 Nf5 34. Ne2 h5 35. Kf4 f6 36. a4 a5 37. g4 hxg4 38. Kxg4 Kf7 39. h5 Ke7 40. Kf4 Nxd4 41. Nxd4 e5+ 42. Kf5 exd4 43. Kg6 Kf8 0-1


[Site "https://www.chess.com"]

[Event "Titled Tuesday Blitz January 25 2022"]
[White "Klyashtorny, Vladislav"]
[Black "Iskusnyh, Sergei"]
[WhiteFideId "4170938"]
[BlackFideId "4120027"]
[WhiteElo "2414"]
[BlackElo "2492"]
[Result "0-1"]
[Round "04"]
[TimeControl "180+1"]
[Date "2022.01.26"]
[WhiteClock "0:01:44"]
[BlackClock "0:01:07"]

1. e4 e6 2. d4 d5 3. Nc3 Nf6 4. e5 Nfd7 5. f4 c5 6. Nf3 Be7 7. Be3 O-O 8. Qd2 a6 9. a3 b5 10. h4 Nc6 11. g3 Bb7 12. Bd3 cxd4 13. Nxd4 Nxd4 14. Bxd4 Nc5 15. b4 Ne4 16. Qe3 Nxc3 17. Bxc3 d4 18. Bxd4 Bxh1 19. O-O-O Bd5 20. f5 exf5 21. Bxf5 g6 22. Bd3 a5 23. Qh6 Be6 24. Bc3 Qc7 25. Kd2 axb4 26. axb4 Ra3 27. Bd4 Bxb4+ 28. Ke2 Rxd3 29. Rxd3 Qxc2+ 0-1


[Site "https://www.chess.com"]